 Dungeon Crawl Stone Soup version 0.31-a0-1202-ga8fea8b373 (webtiles) character file.

Game seed: 16954331618540959050

8477 Malachi the Grappler (level 11, -1/113 HPs)
             Began as a Troll Shapeshifter on Dec 12, 2023.
             Slain by a yak (9 damage)
             ... on level 10 of the Dungeon.
             The game lasted 00:11:31 (7876 turns).

Malachi the Grappler (Troll Shapeshifter)           Turns: 7876, Time: 00:11:32

Health: -1/113     AC:  2    Str: 28    XL:     11   Next: 10%
Magic:  10/10      EV: 14    Int:  6    God:
Gold:   417        SH:  5    Dex: 12    Spells: 10/10 levels left

rFire   + .          .
                       - Unarmed
rCold   . . .        (shield currently unavailable)
rNeg    . . .        a - melded +0 animal skin
rPois   .            (helmet restricted)
rElec   .            v - scarf {repulsion}
rCorr   .            (gloves unavailable)
SInv    +            (boots unavailable)
Will    .....        w - amulet "Hurhaut" {Reflect rF+ Dex+3 SH+5}
Stlth   +            i - ring of see invisible
HPRegen 1.18/turn    (no ring)
MPRegen 0.12/turn

%: repel missiles, reflection
@: flux-form, glowing
A: glow, contaminating, large, unfitting armour, claws 3, regeneration 1, shaggy
fur 1, tough skin 1, antennae 1, passive freeze
a: Begin Untransformation


You were on level 10 of the Dungeon.
You were something dangerously unstable.
You visited 1 branch of the dungeon, and saw 10 of its levels.

You collected 740 gold pieces.
You spent 323 gold pieces at shops.

Inventory:

Missiles
 g - 2 throwing nets
Armour
 a - a +0 animal skin (melded)
 v - a scarf of repulsion (worn)
Jewellery
 i - a ring of see invisible (left claw)
 m - the amulet of Makloy {RegenMP rElec rPois rN+++ Int-4}
   (You acquired it on level 8 of the Dungeon)

   [amulet of magic regeneration]

   RegenMP:   It increases your rate of magic regeneration.
   Int-4:     It affects your intelligence (-4).
   rElec:     It insulates you from electricity.
   rPois:     It protects you from poison rN+++: It renders you almost immune to
   negative energy.
 r - a ring of ice
 w - the amulet "Hurhaut" (around neck) {Reflect rF+ Dex+3 SH+5}
   (You acquired it on level 8 of the Dungeon)

   [amulet of reflection]

   Reflect:   It reflects blocked missile attacks.
   Dex+3:     It affects your dexterity (+3).
   rF+:       It protects you from fire.
   SH+5:      It affects your SH (+5).
Talismans
 c - a beast talisman
 d - a flux talisman (active)
Wands
 l - a wand of paralysis (4)
 p - a wand of acid (9)
 x - a wand of polymorph (2)
 y - a wand of flame (16)
 A - a wand of roots (13)
 B - a wand of digging (3)
Scrolls
 e - 2 scrolls of identify
 h - a scroll of revelation
 k - a scroll of fear
 n - 2 scrolls of blinking
 o - 3 scrolls of enchant armour
 s - 3 scrolls of teleportation
 u - a scroll of fog
Potions
 b - a potion of lignification
 f - 2 potions of enlightenment
 j - a potion of might
 q - a potion of attraction
 t - 4 potions of curing
 z - a potion of brilliance {unknown}


   Skills:
 + Level 8.4 Fighting
 - Level 1.5 Dodging
 + Level 10.3 Unarmed Combat
 - Level 10.0 Shapeshifting


You had 10 spell levels left.
You didn't know any spells.
Your spell library contained the following spells:

 Spells                   Type           Power      Damage    Failure   Level
 Shock                    Conj/Air       0%         1d3       45%         1
 Lesser Beckoning         Tloc           0%         N/A       58%         2
 Poisonous Vapours        Pois/Air       0%         N/A       58%         2
 Frozen Ramparts          Ice            0%         1d1       83%         3
 Gell's Gravitas          Tloc           0%         N/A       83%         3
 Mephitic Cloud           Conj/Pois/Air  0%         N/A       83%         3
 Swiftness                Air            0%         N/A       83%         3
 Teleport Other           Tloc           0%         N/A       83%         3
 Airstrike                Air            0%         2d(0-16)  99%         4
 Petrify                  Tmut/Erth      0%         N/A       99%         4
 Vhi's Electric Charge    Tloc/Air       0%         N/A       99%         4
 Arcjolt                  Conj/Air       0%         1d10      100%        5
 Freezing Cloud           Conj/Ice/Air   0%         6-21      100%        5
 Metabolic Englaciation   Hex/Ice        0%         N/A       100%        5
 Maxwell's Capacitive Co  Air            0%         ∞         100%        8
 Chain Lightning          Conj/Air       0%         N/A       100%        9
 Fire Storm               Conj/Fire      0%         5d1       100%        9
 Shatter                  Erth           0%         3d5*      100%        9


Dungeon Overview and Level Annotations

Branches:
Dungeon (10/15)            Temple (0/1) D:6            Lair (0/5) D:9
    Orc: D:9-12

Altars:
Cheibriados
Trog

Shops:
D:2 *   D:6 *   D:9 !*

Annotations:
D:7 2 transporters, daxdoom's ghost, novice MiBe


Innate Abilities, Weirdness & Mutations

You are something dangerously unstable.
You glow with magical radiation, making you easy to see and hit.
Foes you strike become dangerously contaminated with magical radiation.
You are incapable of wielding weapons or throwing items.
You are too large for most types of armour.
You have claws for hands.
Your natural rate of healing is unusually fast.
You are covered in fur. (AC +1)
You have tough skin. (AC +1)
You have a pair of small antennae on your head.
A frigid envelope surrounds you and freezes all who hurt you.


Message History

The yak shudders as magic cascades through it!!!
You kill the yak!
The yak gores you.
* * * LOW HITPOINT WARNING * * *
The yak is very cold.
The yak is heavily wounded.
The yak gores you!
* * * LOW HITPOINT WARNING * * *
Unknown command.
You scratch the yak.
The yak glows dangerously bright.
The yak is heavily wounded.
The yak gores you!
* * * LOW HITPOINT WARNING * * *
The yak is very cold.
The yak is severely wounded.
The yak closely misses you.
You claw the yak!
You kill the yak!
You block the yak's attack.
You scratch the yak but do no damage.
The yak begins to glow.
The yak is lightly wounded.
The yak gores you!
* * * LOW HITPOINT WARNING * * *
The yak is very cold.
The yak is lightly wounded.
You completely miss the yak.
The yak is lightly wounded.
You scratch the yak.
The yak glows dangerously bright.
The yak is lightly wounded.
You block the yak's attack.
You feel better. The yak gores you!
* * * LOW HITPOINT WARNING * * *
The yak is very cold.
The yak is moderately wounded.
You scratch the yak.
The yak shudders as magic cascades through it.
The yak twists and deforms.
The yak is heavily wounded.
The yak gores you!
You die...

########################
..[....................#
<......................#
......................<#
.......................#
.......................#
..........[......†.....#
[...............p......#
÷...............Y......#
.......................#
########################


You could see a yak (misshapen).

Vanquished Creatures
  Fannar (D:10)
  Erica (D:8)
  A hornet (D:8)
  Sigmund (D:6)
  2 wyverns
  A vampire (D:9)
  12 yaks
  Grum (D:10)
  Eustachio (D:6)
  A steam dragon (D:7)
  Edmund (D:4)
  2 acid dragons
  2 water moccasins
  Duvessa (D:6)
  3 orc warriors
  2 sky beasts
  3 black bears
  4 wolves (D:10)
  2 ogres (D:6)
  A kobold brigand (D:7)
  4 phantoms
  2 bullfrogs
  2 gnoll sergeants (D:7)
  4 scorpions
  8 wights
  Dowan (D:6)
  4 killer bees (D:7)
  5 howler monkeys
  4 orc priests
  A jelly (D:7)
  Crazy Yiuf (D:6)
  2 hounds
  4 iguanas
  Natasha (twice) (D:3)
  5 orc wizards
  14 gnolls
  6 adders
  2 worms
  37 orcs
  3 bats
  7 endoplasms
  5 giant cockroaches
  5 goblins
  8 hobgoblins
  4 jackals (D:3)
  2 quokkas (D:1)
  10 ball pythons
  A frilled lizard (D:2)
  12 kobolds
  5 rats
213 creatures vanquished.

Notes
Turn   | Place    | Note
-------+----------+-------------------------------------------
     0 | D:1      | Malachi the Troll Shapeshifter began the quest for the Orb.
     0 | D:1      | Reached XP level 1. HP: 18/18 MP: 0/0
   216 | D:1      | Reached skill level 1 in Fighting
   257 | D:1      | Reached XP level 2. HP: 27/27 MP: 1/1
  1009 | D:2      | Found Doucuyd's General Store.
  1072 | D:2      | Reached XP level 3. HP: 33/33 MP: 2/2
  1076 | D:2      | Found a snail-covered altar of Cheibriados.
  1657 | D:3      | Noticed Natasha
  1661 | D:3      | Reached XP level 4. HP: 39/42 MP: 3/3
  1669 | D:3      | Killed Natasha
  1680 | D:3      | Reached XP level 5. HP: 4/50 MP: 4/4
  1802 | D:3      | Noticed a black bear
  1809 | D:3      | Killed a black bear
  1810 | D:3      | Reached XP level 6. HP: 43/61 MP: 5/5
  1960 | D:3      | Noticed Natasha
  1964 | D:3      | Killed Natasha
  2026 | D:3      | Found a faded altar of an unknown god.
  2253 | D:4      | Reached skill level 5 in Unarmed Combat
  2259 | D:4      | Reached XP level 7. HP: 48/67 MP: 4/6
  2343 | D:4      | Reached skill level 5 in Shapeshifting
  2594 | D:4      | Noticed Edmund
  2603 | D:4      | Killed Edmund
  2823 | D:5      | Entered Level 5 of the Dungeon
  3212 | D:5      | Reached XP level 8. HP: 79/79 MP: 7/7
  3298 | D:5      | Found a bloodstained altar of Trog.
  3513 | D:6      | Noticed Sigmund
  3525 | D:6      | Killed Sigmund
  3583 | D:6      | Reached skill level 5 in Fighting
  3850 | D:6      | Found Vokko's Neck Hole.
  3852 | D:6      | Noticed Duvessa
  3864 | D:6      | Killed Duvessa
  3864 | D:6      | Noticed Dowan
  3872 | D:6      | Killed Dowan
  3877 | D:6      | Bought a scarf of repulsion for 180 gold pieces
  3919 | D:6      | Reached XP level 9. HP: 73/89 MP: 5/8
  3947 | D:6      | Found a staircase to the Ecumenical Temple.
  4109 | D:6      | Noticed Eustachio
  4112 | D:6      | Killed Eustachio
  4238 | D:6      | Found a runed translucent door.
  4239 | D:6      | Noticed Crazy Yiuf
  4432 | D:6      | Killed Crazy Yiuf
  4784 | D:7      | HP: 1/89 [gnoll sergeant/+4 heavy spear (9)]
  4978 | D:7      | Found a bloodstained altar of Trog.
  4978 | D:7      | Noticed daxdoom's ghost (novice MiBe)
  4979 | D:7      | Noticed a moth of wrath
  4998 | D:7      | Found a transporter.
  5001 | D:7      | Found a transporter.
  5392 | D:8      | Identified 2 scrolls of acquirement
  5392 | D:8      | Acquired the amulet "Hurhaut" {Reflect rF+ Dex+3 SH+5}
  5405 | D:8      | Acquired the amulet of Makloy {RegenMP rElec rPois rN+++
                  | Int-4}
  5482 | D:8      | Noticed Erica
  5484 | D:8      | Reached XP level 10. HP: 95/100 MP: 9/9
  5495 | D:8      | Killed Erica
  5625 | D:8      | Paralysed by a hornet for 2 turns
  6298 | D:9      | Gained mutation: You are frail. (-10% HP) [potion of
                  | mutation]
  6304 | D:9      | Lost mutation: You are frail. (-10% HP) [potion of
                  | mutation]
  6304 | D:9      | Gained mutation: You are strong-willed. (Will+) [potion of
                  | mutation]
  6304 | D:9      | Gained mutation: You sometimes lose your temper in combat.
                  | [potion of mutation]
  6382 | D:9      | You fall into a shaft and drop 1 floor!
  6382 | D:10     | Entered Level 10 of the Dungeon
  6517 | D:9      | Found Cuifee's Serpentskin Sales.
  6588 | D:9      | Reached skill level 10 in Shapeshifting
  6642 | D:9      | Found a staircase to the Lair.
  6680 | D:9      | Found Keiwacvotti's Distillery.
  6699 | D:9      | Bought a potion of curing for 39 gold pieces
  6699 | D:9      | Bought a potion of mutation for 104 gold pieces
  6699 | D:9      | Lost mutation: You are strong-willed. (Will+) [potion of
                  | mutation]
  6699 | D:9      | Lost mutation: You sometimes lose your temper in combat.
                  | [potion of mutation]
  6699 | D:9      | Gained mutation: You have a pair of small antennae on your
                  | head. [potion of mutation]
  6699 | D:9      | Gained mutation: A frigid envelope surrounds you and
                  | freezes all who hurt you. [potion of mutation]
  7312 | D:10     | Noticed Fannar
  7315 | D:10     | Noticed Grum
  7319 | D:10     | Killed Fannar
  7329 | D:10     | Reached skill level 10 in Unarmed Combat
  7681 | D:10     | Reached XP level 11. HP: 84/106 MP: 10/10
  7692 | D:10     | Killed Grum
  7872 | D:10     | HP: 5/113 [yak (10)]
  7876 | D:10     | Slain by a yak

Illustrated notes

Levels and vault maps discovered:
D:1:      dpeg_arrival_circle_labyrinth_c, layout_basic,
          hangedman_decor_growths, hangedman_decor_peaks_small
D:2:      kennysheep_big_flooded_room, layout_rooms, serial_shops, shop,
          basic_altar, wad_orctagon
D:3:      layout_rooms, basic_ecumenical_altar, uniq_natasha
D:4:      layout_cave_pools, uniq_edmund
D:5:      layout_basic, bloody_trog
D:6:      layout_loops_ring, minmay_temple_entry_large_hall,
          nicolae_shop_sticking_my_neck_out, uniq_eustachio, uniq_duvessa,
          uniq_crazy_yiuf_cottage, uniq_sigmund
D:7:      layout_gridville, gammafunk_ghost_wrathful_warriors
D:8:      layout_basic, special_room [special_room_orc], roderic_lattice_a,
          uniq_erica
D:9:      layout_loops_ring, dpeg_oklobed_lair, serial_shops, shop_coins,
          guppyfry_shop_venom
D:10:     layout_cross, uniq_grum, uniq_fannar

Skill      XL: |  1  2  3  4  5  6  7  8  9 10 |
---------------+-------------------------------+-----
Fighting       | 1 2 3 4 5 6 8 |  8.4
Unarmed Combat | 4 5 6 7 8 10 | 10.3
Shapeshifting  | 4 5 6 8 10 | 10.0
Dodging        | |  1.5

Action                     |  1- 3 |  4- 6 |  7- 9 | 10-12 || total
---------------------------+-------+-------+-------+-------++-------
  Melee: Unarmed           |    94 |    76 |   205 |   147 ||   522
         Punch             |       |     2 |     9 |     7 ||    18
    Use: Scroll            |       |       |    10 |     4 ||    14
         Potion            |       |       |     1 |     9 ||    10
 Armour: Animal skin       |    70 |    76 |   148 |    52 ||   346
         Skin              |       |       |    11 |    48 ||    59
  Dodge: Dodged            |    50 |    35 |    77 |    73 ||   235
         Repelled          |       |       |       |     1 ||     1
  Block: Other             |       |       |       |    22 ||    22
   Form: Flux              |       |       |       |     1 ||     1

Table legend: (Time is in decaauts)
 A = Elapsed time spent in this place.
 B = Non-inter-level travel time spent in this place.
 C = Inter-level travel time spent in this place.
 D = Time resting spent in this place.
 E = Time spent auto-exploring this place.
 F = Levels seen in this place.
 G = Mean time per level.
                   A        B        C        D        E       F      G
               +--------+--------+--------+--------+--------+-----+--------+
         Total |   7810 |   7390 |    420 |    730 |   5418 |  10 |  781.0 |
       Dungeon |   7810 |   7390 |    420 |    730 |   5418 |  10 |  781.0 |
               +--------+--------+--------+--------+--------+-----+--------+

Top non-repeatable levels by time:
     D:9: 1334 daAuts
     D:1: 972 daAuts
     D:6: 955 daAuts
     D:7: 872 daAuts
     D:8: 848 daAuts
     D:5: 675 daAuts
     D:2: 622 daAuts
     D:3: 611 daAuts
     D:4: 600 daAuts
    D:10: 315 daAuts
